 Dungeon Crawl Stone Soup version 0.23.0 (webtiles) character file.

Game seed: 9416838628127260773

1418 sergedm the Thaumaturge (level 8, -2/41 HPs)
             Began as a Deep Elf Conjurer on Feb 9, 2019.
             Slain by a two-headed ogre
             ... wielding a +0 giant club
              (10 damage)
             ... on level 6 of the Dungeon.
             The game lasted 00:17:54 (6389 turns).

sergedm the Thaumaturge (Deep Elf Conjurer)         Turns: 6389, Time: 00:17:55

Health: -2/41      AC:  4    Str:  5    XL:     8   Next: 43%
Magic:  14/23      EV: 14    Int: 23    God:
Gold:   79         SH:  0    Dex: 15    Spells: 8/26 levels left

rFire    . . .     SeeInvis .   j - +2 short sword (protect)
rCold    . . .     Gourm    .   (no shield)
rNeg     . . .     Faith    .   w - +2 robe {MR+}
rPois    .         Spirit   .   f - +0 hat
rElec    .         Reflect  .   (no cloak)
rCorr    .         Harm     .   (no gloves)
MR       +....                  (no boots)
Stlth    +++.......             (no amulet)
HPRegen  0.13/turn              (no ring)
MPRegen  0.18/turn              (no ring)

@: no status effects
A: no striking features
a: no special abilities


You were on level 6 of the Dungeon.
You were not hungry.

You visited 2 branches of the dungeon, and saw 7 of its levels.

You collected 277 gold pieces.
You spent 198 gold pieces at shops.

Inventory:

Hand Weapons
 d - a +2 dagger of venom
 j - a +2 short sword of protection (weapon)
Armour
 a - a +0 robe
 f - a +0 hat (worn)
 i - a +2 shield
 w - a +2 robe of magic resistance (worn)
 C - the +0 Maxwell's etheric cage {RegenMP+ *Contam rElec MP+4}
   (You found it on level 5 of the Dungeon)

   It insulates you from electricity.
   It affects your magic capacity (+4).
   It causes magical contamination when unequipped.
Wands
 p - a wand of digging (7)
 x - a wand of clouds (5)
Scrolls
 e - a scroll of immolation {unknown}
 h - a scroll of magic mapping {unknown}
 k - 4 scrolls of identify
 l - a scroll of enchant weapon {unknown}
 n - a scroll of noise
 q - a scroll of fog
 r - 2 scrolls of remove curse {unknown}
 s - a scroll of random uselessness {unknown}
 y - a scroll of blinking
 z - 2 scrolls of amnesia
 A - a scroll of summoning {unknown}
 D - a scroll of teleportation {unknown}
Potions
 b - a potion of heal wounds {unknown}
 g - a potion of agility {unknown}
 m - a potion of brilliance {unknown}
 o - a potion of degeneration {unknown}
 t - a potion of curing {unknown}
 u - 2 potions of berserk rage {unknown}
 v - 2 potions of mutation {unknown}
Comestibles
 c - 10 rations


   Skills:
 + Level 0.2 Fighting
 + Level 1.1 Short Blades
 + Level 3.7 Dodging
 + Level 4.3 Stealth
 * Level 9.5 Spellcasting
 + Level 8.0 Conjurations
 + Level 3.0 Hexes


You had 8 spell levels left.
You knew the following spells:

 Your Spells              Type           Power        Failure   Level  Hunger
a - Magic Dart            Conj           ####         1%          1    None
b - Searing Ray           Conj           #####.       1%          2    None
c - Iskenderun's Mystic   Conj           #####...     2%          4    ##.....
d - Fulminant Prism       Conj/Hex       #####.....   6%          4    ##.....
e - Force Lance           Conj/Tloc      ####....     11%         4    ##.....
q - Dazzling Spray        Conj/Hex       #####.       1%          3    None

Your spell library contained the following spells:

 Spells                   Type           Power        Failure   Level  Hunger
 Confusing Touch          Hex            ###...       1%          1    None
 Confuse                  Hex            ###.....     5%          3    None
 Gell's Gravitas          Tloc           ##........   19%         3    None
 Petrify                  Tmut/Erth      ##......     52%         4    ##.....
 Metabolic Englaciation   Hex/Ice        ###.......   65%         5    ####...
 Yara's Violent Unravell  Hex/Tmut       ###.......   65%         5    ####...


Dungeon Overview and Level Annotations

Branches:
Dungeon (6/15)             Temple (1/1) D:4

Altars:
Ashenzari
Cheibriados
Elyvilon
Fedhas
Gozag
Nemelex Xobeh
Okawaru
Ru
Sif Muna
Uskayaw
Xom
Zin
The Shining One

Shops:
D:5 ?


Message History

The searing ray hits the two-headed ogre!
The two-headed ogre is moderately wounded.
The two-headed ogre closely misses you.
The two-headed ogre hits you with a +0 giant spiked club!
The searing ray hits the two-headed ogre!
The two-headed ogre is heavily wounded.
The searing ray hits the bullfrog zombie!!
The bullfrog zombie is severely damaged.
You finish channeling your searing ray.
Casting: Searing Ray (safe; 1% risk of failure)
Confirm with . or Enter, or press ? or * to list all spells.
Aiming: Force Lance (safe; 11% risk of failure)
Press: ? - help, Shift-Dir - straight line, f/p - two-headed ogre
Aim: a two-headed ogre, wielding a +0 giant club and a +0 giant spiked club (heavily wounded)
The lance of force hits the two-headed ogre.
The two-headed ogre is severely wounded.
The two-headed ogre hits you with a +0 giant club!!
* * * LOW HITPOINT WARNING * * *
The two-headed ogre hits you with a +0 giant spiked club!
You die...

+..... ......###...
....... #.#. ..... #.#.
#####... #.#. #......#
# #. #.# #..# #.#.
#.#####.###..#### #...
#...ZO@.........#######
#######>###........#
#?##......##.####
#.###...#........
#......#####.####
#####.## #.# #.. ..#
### ####


You could see a two-headed ogre and a bullfrog zombie.

Vanquished Creatures
  Grinder (D:4)
  Sigmund (D:4)
  A centaur (D:6)
  3 ogres
  A scorpion (D:4)
  2 howler monkeys (D:4)
  A centaur zombie (D:6)
  3 crimson imps
  A jelly (D:5)
  A hound (D:5)
  An orc priest (D:3)
  2 orc wizards (D:4)
  4 worker ants
  Robin (D:4)
  A howler monkey skeleton (D:5)
  8 adders
  3 gnolls (D:6)
  An ooze (D:1)
  An adder zombie (D:5)
  A worm (D:4)
  3 dart slugs (D:1)
  2 leopard geckos
  11 orcs
  8 bats
  3 giant cockroaches
  18 goblins
  13 hobgoblins
  3 jackals (D:1)
  6 kobolds
  2 quokkas (D:5)
  3 ball pythons
  7 frilled lizards
  A quokka zombie (D:5)
  11 rats
129 creatures vanquished.

Vanquished Creatures (others)
  12 fulminant prisms (D:4)
12 creatures vanquished.

Grand Total: 141 creatures vanquished

Notes
Turn   | Place    | Note
-------+----------+-------------------------------------------
     0 | D:1      | sergedm the Deep Elf Conjurer began the quest for the Orb.
     0 | D:1      | Reached XP level 1. HP: 10/10 MP: 6/6
   244 | D:1      | Reached XP level 2. HP: 15/15 MP: 6/8
   249 | D:1      | Learned a level 2 spell: Searing Ray
   407 | D:1      | Reached skill level 5 in Conjurations
   549 | D:1      | Reached XP level 3. HP: 19/19 MP: 5/10
   554 | D:1      | Learned a level 3 spell: Dazzling Spray
   853 | D:1      | Reached skill level 4 in Spellcasting
  1642 | D:2      | Reached XP level 4. HP: 24/24 MP: 6/12
  1715 | D:2      | Found an iron altar of Okawaru.
  2352 | D:3      | Reached skill level 5 in Spellcasting
  2557 | D:3      | Found a faded altar of an unknown god.
  2785 | D:3      | Learned a level 4 spell: Iskenderun's Mystic Blast
  2837 | D:3      | Reached XP level 5. HP: 28/28 MP: 10/14
  3141 | D:3      | Learned a level 4 spell: Fulminant Prism
  3499 | D:4      | Reached skill level 6 in Spellcasting
  3499 | D:4      | Reached XP level 6. HP: 26/32 MP: 3/17
  3809 | D:4      | Found a staircase to the Ecumenical Temple.
  3851 | Temple   | Entered the Ecumenical Temple
  4032 | D:4      | Noticed Robin
  4070 | D:4      | Killed Robin
  4527 | D:4      | Reached skill level 7 in Spellcasting
  4527 | D:4      | Reached XP level 7. HP: 32/36 MP: 6/19
  4702 | D:4      | Noticed Grinder
  4711 | D:4      | Killed Grinder
  4711 | D:4      | Reached skill level 8 in Spellcasting
  4711 | D:4      | Reached skill level 1 in Hexes
  5078 | D:4      | Noticed Sigmund
  5087 | D:4      | Killed Sigmund
  5093 | D:4      | Learned a level 4 spell: Force Lance
  5282 | D:5      | Entered Level 5 of the Dungeon
  5360 | D:5      | Reached XP level 8. HP: 41/41 MP: 17/22
  5510 | D:5      | Found Ostru's Magic Scroll Shop.
  5518 | D:5      | Bought a scroll of blinking for 90 gold pieces
  5518 | D:5      | Bought 2 scrolls of amnesia for 84 gold pieces
  5518 | D:5      | Bought a scroll of identify for 24 gold pieces
  5856 | D:5      | Found the +0 Maxwell's etheric cage {RegenMP+ *Contam rElec
                  | MP+4}
  6058 | D:6      | Reached skill level 9 in Spellcasting
  6121 | D:6      | Found a shimmering altar of Xom.
  6167 | D:6      | Reached skill level 1 in Short Blades
  6381 | D:6      | Noticed a two-headed ogre
  6389 | D:6      | Slain by a two-headed ogre

Skill      XL: |  1  2  3  4  5  6  7  8 |
---------------+-------------------------+-----
Conjurations   | 5 6 7 8 |  8.0
Spellcasting   | 4 5 6 7 8 9 |  9.5
Stealth        | 3 4 |  4.3
Dodging        | 3 |  3.7
Hexes          | 2 3 |  3.0
Short Blades   | 1 |  1.1
Fighting       | |  0.2

Action                   |  1- 3 |  4- 6 |  7- 9 || total
-------------------------+-------+-------+-------++-------
Melee: Short sword       |       |     6 |       ||     6
 Cast: Magic Dart        |    75 |    66 |    35 ||   176
       Searing Ray       |     1 |    17 |    14 ||    32
       Dazzling Spray    |     1 |       |     1 ||     2
       Iskenderun's Myst |       |     6 |       ||     6
       Fulminant Prism   |       |     6 |     6 ||    12
       Force Lance       |       |       |     1 ||     1
  Use: Scroll            |       |       |     2 ||     2
  Eat: Chunk             |     2 |    10 |     7 ||    19
Armor: Robe              |       |     5 |     1 ||     6
Dodge: Dodged            |    11 |    16 |     9 ||    36
